 Dungeon Crawl Stone Soup version 0.22-a0-596-gfbd32a6 (webtiles) character file.

95 wellist the Skirmisher (level 4, -2/41 HPs)
             Began as a Hill Orc Fighter on July 5, 2018.
             Slain by Sigmund
             ... wielding a +0 scythe
              (11 damage)
             ... on level 3 of the Dungeon.
             The game lasted 00:05:52 (1466 turns).

wellist the Skirmisher (Hill Orc Fighter)           Turns: 1466, Time: 00:05:53

Health: -2/41      AC:  7    Str: 18    XL:     4   Next: 66%
Magic:  4/4        EV:  7    Int:  8    God:
Gold:   136        SH:  9    Dex: 11    Spells: 3/3 levels left

rFire    . . .     SeeInvis .   a - +0 war axe
rCold    . . .     Gourm    .   c - +0 shield
rNeg     . . .     Faith    .   b - +0 scale mail
rPois    .         Spirit   .   (no helmet)
rElec    .         Reflect  .   (no cloak)
rCorr    .         Harm     .   (no gloves)
MR       .....                  (no boots)
Stlth    ..........             (no amulet)
HPRegen  0.13/turn              (no ring)
MPRegen  0.09/turn              (no ring)

@: no status effects
A: no striking features
a: no special abilities


You were on level 3 of the Dungeon.
You were not hungry.

You visited 1 branch of the dungeon, and saw 3 of its levels.

You collected 136 gold pieces.

Inventory:

Hand Weapons
 a - a +0 war axe (weapon)
Armour
 b - a +0 scale mail (worn)
 c - a +0 shield (worn)
Jewellery
 m - an uncursed ring of ice {unknown}
Scrolls
 i - 2 scrolls of teleportation {unknown}
 k - a scroll of noise {unknown}
 l - 2 scrolls of enchant weapon {unknown}
 n - 2 scrolls of identify {unknown}
 o - a scroll of remove curse {unknown}
Potions
 d - 2 potions of might
 e - a potion of berserk rage {unknown}
 h - a potion of curing {unknown}
 j - a potion of agility {unknown}
Comestibles
 f - 3 rations
 g - 7 chunks of flesh


   Skills:
 * Level 4.5 Fighting
 * Level 4.0 Axes
 * Level 4.2 Armour
 + Level 3.7 Shields


You had 3 spell levels left.
You didn't know any spells.
Your spell library was empty.

Dungeon Overview and Level Annotations

Branches:
Dungeon (3/15)

Altars:
Dithmenos

Annotations:
D:3 Sigmund


Message History

Sigmund casts a spell at you. The puff of flame hits you!
You slash Sigmund!
Sigmund is moderately wounded.
Sigmund says, "You will soon forget everything."
You block Sigmund's attack.
Your shield and scale mail prevent you from hitting Sigmund.
Sigmund is moderately wounded.
Sigmund hits you with a scythe!
* * * LOW HITPOINT WARNING * * *
You barely miss Sigmund.
Sigmund is moderately wounded.
Sigmund hits you but does no damage.
You closely miss Sigmund.
Sigmund is moderately wounded.
You block Sigmund's attack.
You closely miss Sigmund.
Sigmund is moderately wounded.
Sigmund hits you with a scythe!
You die...

.....### #.#
#...........#
# ..##... #.#
#.##(..####.#
# ..##..# #.#
#.###.## #
..##..# #.#
#.....# #
..##..# #.#
#.##### #
..##..#####.#
#.#
............#
#.#
#.#.....##.##
#.#########.
..#.....##.#
#.@.........
###>...>##.#
#@##########
#........#
#.#
##.###)###
#.# ...# #.#
... ##### #.#
#..## #.#
#..# #.# #..#
#.# #..#


You could see Sigmund.

Vanquished Creatures
  Jessica (D:3)
  An adder (D:2)
  2 dart slugs
  3 leopard geckos
  An orc (D:3)
  8 bats
  2 giant cockroaches
  7 goblins
  3 hobgoblins
  7 jackals (D:3)
  5 kobolds
  A quokka (D:2)
  A ball python (D:1)
  2 frilled lizards
  5 rats
49 creatures vanquished.

Notes
Turn   | Place    | Note
-------+----------+-------------------------------------------
     0 | D:1      | wellist the Hill Orc Fighter began the quest for the Orb.
     0 | D:1      | Reached XP level 1. HP: 19/19 MP: 1/1
   147 | D:1      | Reached XP level 2. HP: 26/27 MP: 2/2
   421 | D:2      | Reached XP level 3. HP: 32/33 MP: 3/3
  1192 | D:3      | Found a shadowy altar of Dithmenos.
  1278 | D:3      | Reached XP level 4. HP: 40/40 MP: 4/4
  1285 | D:3      | Noticed Jessica
  1287 | D:3      | Killed Jessica
  1449 | D:3      | Noticed Sigmund
  1466 | D:3      | Slain by Sigmund

Vault maps used:
D:1:      ebering_hopf_link
D:2:      minmay_misc_feat_plants, minivault_27
D:3:      nicolae_dithmenos_through_a_glass_darkly, corner_web_ring,
          grunt_decor_clamped, uniq_sigmund, uniq_jessica

Skill      XL: |  1  2  3  4 |
---------------+-------------+-----
Axes           | 3 4 |  4.0
Fighting       | 4 |  4.5
Armour         | 4 |  4.2
Shields        | |  3.7

Action                   |  1- 3 |  4- 6 || total
-------------------------+-------+-------++-------
Melee: War axe           |   108 |    31 ||   139
  Eat: Chunk             |     1 |     1 ||     2
Armor: Scale mail        |    66 |    11 ||    77
Dodge: Dodged            |    43 |     6 ||    49
Block: Shield            |    65 |    11 ||    76

Table legend:
 A = Spawn XP
 B = Non-spawn XP
 C = Spawn XP percentage of total XP
 D = Spawn monster count
 E = Non-spawn monster count
 F = Spawn count percentage of total count
 G = Total turns spent on level
                    A         B        C        D         E        F      G
               +---------+---------+-------+---------+---------+-------+---------
         Total |       0 |     137 |   0.0 |       0 |      49 |   0.0 |  1466
               +---------+---------+-------+---------+---------+-------+---------
           D:1 |       0 |      22 |   0.0 |       0 |      12 |   0.0 |   397
           D:2 |       0 |      43 |   0.0 |       0 |      18 |   0.0 |   698
           D:3 |       0 |      72 |   0.0 |       0 |      19 |   0.0 |   371
               +---------+---------+-------+---------+---------+-------+---------
